ProzacElf, chaotic female elven Ranger --.-- |...| |@d.| |j>`. ----- ProzacElf the Trailblazer Experience level: 7 Strength: 18 Dexterity: 11 Constitution: 15 Intelligence: 13 Wisdom: 15 Charisma: 9 Health: 0(40) Energy: 51(51) Def: 3 Gold: 1372 Moves: 4462 Dungeon seed: 4nonkzUlQcxA7OQG Game ID: ProzacElf_1448589699 Your Inventory: Coins $ - 1372 gold pieces Amulets H - an uncursed amulet of strangulation I - an uncursed amulet of magical breathing R - an uncursed amulet of life saving Weapons a - a +1 elven dagger (weapon in hand) b - a +1 elven bow (alternate weapon; not wielded) c - 46 +2 elven arrows (in quiver) i - a thoroughly rusty very corroded +0 orcish dagger v - 11 cursed +0 shuriken L - a +0 dagger M - a blessed +1 dagger Z - 2 +0 elven arrows Armor e - an uncursed +2 elven cloak (being worn) y - an uncursed +0 pair of high boots N - an uncursed +4 orcish helm O - an uncursed +0 orcish cloak P - an uncursed +0 orcish cloak Y - an uncursed +0 pair of iron shoes Comestibles f - 5 uncursed lembas wafers g - an uncursed pancake o - 4 uncursed food rations p - 2 uncursed lichen corpses z - an uncursed carrot Q - a blessed tin of dwarf meat T - an uncursed lizard corpse Scrolls w - 3 uncursed scrolls of identify x - an uncursed scroll of identify B - a blessed scroll of identify Spellbooks j - an uncursed spellbook of healing l - an uncursed spellbook of teleport away V - an uncursed spellbook of charm monster Potions h - 2 uncursed potions of levitation m - an uncursed potion of hallucination r - a potion of holy water t - an uncursed potion of see invisible D - a blessed potion of oil K - an uncursed potion of acid Rings s - an uncursed ring of conflict E - an uncursed ring of searching F - a cursed ring of polymorph J - an uncursed ring of see invisible Wands G - a wand of probing (0:6) Tools d - an uncursed skeleton key k - an uncursed towel q - an uncursed leash (in use) A - an uncursed towel U - an uncursed tin whistle Gems n - 3 uncursed worthless pieces of black glass Spells and supernatural/magical abilities: Name Level Category Fail Memory W - pray for help -- divine ? -- Your skills at the end: Fighting Skills wands [Basic] Weapon Skills dagger [Skilled] bow [Basic] Spellcasting Skills Final Attributes: You were piously aligned. You were sleep resistant. You saw invisible. You had automatic searching. You had infravision. You were stealthy. You were lucky. You are dead. Vanquished creatures: 2 small mimics a quivering blob a leprechaun a lizard a jaguar 3 Mordor orcs 7 Uruk-hai 2 orc shamans a rock piercer a pony 2 shriekers a gnome lord 2 gray oozes a ghoul 5 giant ants a little dog 3 floating eyes a kitten a kobold lord 3 kobold shamans 2 hill orcs 2 rothes a monkey 2 orc zombies a wererat 4 iguanas an acid blob a coyote 2 hobbits 10 manes 2 large kobolds a hobgoblin 4 giant rats a brown mold a yellow mold 2 red molds a gnome 3 geckos 3 jackals 2 foxes 2 kobolds 3 goblins 6 grid bugs 6 lichens 5 newts 108 creatures vanquished. Voluntary challenges: You were an atheist. You used a wielded weapon 138 times, starting on turn 178. You read items or engraved 3 times, starting on turn 923. You never genocided any monsters. You never polymorphed an object. You never changed form. You used no wishes. You never split a pudding. You never wrote Elbereth's name. You never violated your personal moral code. Dungeon overview: The Dungeons of Doom: levels 1 to 9 Level 1 a long staircase Level 2 a scroll shop, a fountain a long staircase Level 3 a jewelry store, some fountains Level 4 a fountain Level 5 a fountain Level 6 a general store, a fountain Level 7 some fountains Level 8 Level 9 <- You were here History has recorded: On T:1 you entered the Dungeons of Doom to retrieve the Amulet of Yendor! On T:558 you reached level 2 of The Dungeons of Doom. On T:562 you advanced to experience level 2. On T:970 you advanced to experience level 3. On T:1100 you reached level 3 of The Dungeons of Doom. On T:1533 you advanced to experience level 4. On T:1851 you reached level 4 of The Dungeons of Doom. On T:2117 you reached level 5 of The Dungeons of Doom. On T:2793 you advanced to experience level 5. On T:2926 you reached level 6 of The Dungeons of Doom. On T:3427 you advanced to experience level 6. On T:3564 you reached level 7 of The Dungeons of Doom. On T:4289 you advanced to experience level 7. On T:4422 you reached level 8 of The Dungeons of Doom. On T:4454 you reached level 9 of The Dungeons of Doom. Score breakdown: Gold: 1372 (10673 points) Experience: 7 levels (13645 points) Exploration: 9 levels ( 18.75%) (12377 points) Discoveries: 5 items ( 1.71%) ( 3918 points) Valuables value: (no points given unless you survive) Artifact value: 0 ( 0 points) Variety of kills: 45 monsters ( 11.75%) (10283 points) Turncount: 4462 turns (-1186 points) Survival: died (score multiplied by 80%) Total score: 39768 Latest messages: You drop a wooden ring (unpaid, 533 zorkmids). You drop a ruby ring (unpaid, 200 zorkmids). You drop a sapphire ring (unpaid, 266 zorkmids). You drop an iron ring (unpaid, 133 zorkmids). You drop a coral ring (unpaid, 177 zorkmids). You drop a clay ring (unpaid, 133 zorkmids). You drop a diamond ring (unpaid, 266 zorkmids). You drop a sapphire ring (unpaid, 200 zorkmids). You drop a ruby ring (unpaid, 200 zorkmids). You drop an ivory ring (unpaid, 266 zorkmids). You drop a brass ring (unpaid, 354 zorkmids). You drop a sapphire ring (unpaid, 200 zorkmids). You drop an opal ring (unpaid, 266 zorkmids). You hit the blue jelly! You are suddenly very cold! You die... Final status: Goodbye ProzacElf the Ranger, killed by a blue jelly... You died in The Dungeons of Doom on dungeon level 9 with 39768 points, and 1372 pieces of gold, after 4462 moves. You were level 7 with a maximum of 40 hit points when you died.